Map: Oxide LE

Players

Flynnz

  • Race: Zerg Zerg
  • League: Diamond

Stratus - Winner!

  • Race: Terran Terran
  • League: Diamond

VOD

Have the link to the VOD?

Description

Late night game, sloppy as poop

Time

  • Played on: April 26, 2021, 4:09 a.m.
  • Length: 13:28
Show
View Real Time Build Order
Export as new Build Order

Flynnz Zerg 

Build Orders: Pool First 

Get SALT Encoding   

  12  0:01  Drone  
  13  0:12  Overlord  
  13  0:18  Drone  
  14  0:31  Drone x2  
  16  0:40  Drone  
  17  0:47  Spawning Pool  
  17  0:49  Drone  
  17  0:56  Drone  
  18  1:15  Hatchery, Drone  
  18  1:21  Drone  
  19  1:29  Drone  
  20  1:43  Drone  
  21  1:47  Hatchery  
  21  1:51  Queen  
  22  2:05  Overlord  
  22  2:18  Overlord  
  22  2:23  Drone x2  
  24  2:33  Drone x2  
  24  2:34  Queen x2  
  30  2:39  Zergling x2  
  30  2:42  Extractor  
  30  2:50  Zergling x4  
  32  2:56  Roach Warren  
  31  2:59  Evolution Chamber  
  31  3:04  Evolution Chamber  
  29  3:08  Zergling x2  
  29  3:09  Zergling x4  
  32  3:22  Drone  
  32  3:23  Drone x4  
  37  3:29  Drone  
  37  3:30  Drone x2  
  40  3:43  Drone x5  
  45  3:53  Drone x3, Extractor  
  45  3:54  Drone  
  48  4:01  Drone x2  
  50  4:19  Overlord x4  
  50  4:28  Lair  
  50  4:32  Drone x2  
  47  4:42  Drone x6  
  53  4:56  Drone x5  
  58  5:06  Drone x3  
  61  5:11  Extractor  
  60  5:15  Extractor  
  59  5:21  Drone  
  59  5:22  Drone x2  
  59  5:24  Queen x2  
  59  5:26  Overlord x2  
  66  5:32  Extractor  
  66  5:34  Extractor  
  58  5:44  Roach x6  
  64  5:52  Roach x2, Queen  
  59  5:59  Roach x6  
  71  6:28  Drone x4  
  71  6:32  Hatchery  
  72  6:47  Hydralisk Den  
  72  6:49  Hatchery  
  72  6:53  Queen x2  
  74  7:18  Drone x3  
  74  7:19  Drone x3  
  74  7:20  Drone  
  81  7:24  Drone  
  82  7:39  Zerg Ground Armor Level 1  
  82  7:40  Zerg Missile Weapons Level 1  
  82  7:41  Grooved Spines  
  82  7:42  Drone x2  
  84  7:44  Overlord  
  84  7:45  Overlord  
  84  7:52  Hydralisk x3  
  84  7:54  Overlord x4  
  90  8:01  Hydralisk x2  
  90  8:05  Hydralisk x3  
  100  8:16  Spore Crawler  
  100  8:18  Hydralisk  
  100  8:19  Hydralisk x4  
  109  8:25  Drone x6  
  83  8:39  Hydralisk x2, Zergling x2  
  83  8:40  Roach x3, Zergling x2  
  93  8:45  Hydralisk x2  
  93  8:46  Hydralisk  
  99  8:48  Drone  
  99  8:49  Drone x4  
  99  8:50  Drone  
  99  8:53  Drone  
  102  9:05  Overseer  
  101  9:16  Hatchery  
  100  9:18  Overseer x2  
  100  9:21  Hydralisk x3, Roach, Zergling x2  
  100  9:22  Roach x2, Zergling x2  
  100  9:23  Zergling x2  
  115  9:41  Hydralisk  
  115  9:42  Hydralisk x2, Roach x2  
  115  9:43  Roach  
  118  10:04  Hydralisk x3, Drone  
  118  10:05  Roach x2  
  129  10:26  Overlord x3  
  129  10:27  Overlord x2  
  129  10:33  Overlord  
  129  10:34  Overlord x2  
  129  10:35  Overlord  
  129  10:46  Drone x4  
  133  10:56  Metabolic Boost, Infestation Pit  
  132  10:58  Zerg Ground Armor Level 2, Zerg Missile Weapons Level 2  
  132  11:21  Hydralisk x5, Roach x4, Zergling x6  
  132  11:22  Roach, Zergling x2  
  103  11:43  Hydralisk, Roach x3, Zergling x8  
  101  11:47  Hydralisk, Roach  
  101  11:50  Pneumatized Carapace  
  98  11:58  Hydralisk  
  98  11:59  Roach, Zergling x4  
  96  12:07  Hydralisk  
  96  12:08  Hydralisk, Roach x2, Zergling x4  
  103  12:21  Drone x4  
  102  12:26  Hydralisk x2  
  102  12:27  Roach, Zergling x2  
  106  12:38  Drone x6  
  108  12:49  Hydralisk  
  108  12:50  Roach x2, Zergling x2  
  93  13:01  Hydralisk x3, Roach x2, Zergling x4  
  93  13:02  Roach  
  107  13:10  Drone x3  
  110  13:13  Extractor  
  110  13:19  Extractor  
Show
View Real Time Build Order
Export as new Build Order

Stratus Terran - Winner!

Build Orders: Reaper Expand, Hellion Banshee 

Get SALT Encoding   

  12  0:00  SCV  
  13  0:12  SCV  
  14  0:17  Supply Depot  
  14  0:24  SCV  
  15  0:38  SCV  
  15  0:40  Barracks  
  16  0:44  Refinery  
  16  0:50  SCV  
  17  1:02  SCV  
  18  1:15  SCV  
  19  1:28  Reaper  
  19  1:29  Orbital Command  
  20  1:43  Command Center  
  20  1:56  SCV  
  21  2:01  Supply Depot  
  21  2:03  Marine  
  22  2:13  Bunker  
  22  2:19  SCV  
  23  2:26  Barracks Reactor  
  23  2:28  Factory  
  23  2:31  SCV  
  24  2:43  SCV  
  25  2:55  SCV  
  25  2:57  Orbital Command  
  26  3:06  Bunker  
  26  3:07  SCV  
  27  3:14  Refinery  
  27  3:23  Starport, Hellion x2  
  27  3:26  SCV x2  
  32  3:36  Command Center  
  32  3:38  SCV  
  33  3:44  SCV, Hellion  
  33  3:47  Hellion  
  38  3:50  SCV  
  39  3:56  SCV  
  39  3:58  Barracks Tech Lab  
  39  4:02  SCV, Starport Tech Lab  
  41  4:08  SCV  
  41  4:09  Hellion x2  
  46  4:19  Stimpack  
  46  4:20  Supply Depot  
  46  4:42  SCV x2, Armory, Hellion x2  
  52  4:47  Supply Depot  
  52  4:48  Banshee  
  55  4:54  SCV x2  
  55  4:56  Orbital Command  
  57  5:02  Factory  
  57  5:06  SCV x2  
  59  5:14  Refinery  
  59  5:15  Hellion x2  
  59  5:18  SCV x2  
  65  5:23  SCV  
  65  5:27  Refinery  
  66  5:30  SCV x2  
  66  5:31  Banshee  
  66  5:32  Marine  
  72  5:38  Barracks  
  72  5:40  Barracks  
  70  5:50  Marine  
  71  5:58  Widow Mine x2  
  71  5:59  Factory Tech Lab  
  75  6:07  Marine  
  72  6:13  SCV x2  
  72  6:14  SCV  
  71  6:19  Siege Tank  
  71  6:21  Banshee  
  74  6:25  SCV x2, Marine  
  74  6:27  SCV  
  77  6:32  Barracks Reactor  
  77  6:35  Engineering Bay  
  77  6:38  Engineering Bay  
  77  6:40  Barracks  
  77  6:43  Barracks  
  77  7:03  Marine  
  77  7:04  SCV x2, Siege Tank, Marine, Widow Mine x2, Orbital Command  
  77  7:06  Supply Depot  
  88  7:08  Supply Depot  
  88  7:09  Supply Depot  
  88  7:10  Marine x2  
  90  7:16  SCV x2  
  90  7:21  Marine  
  93  7:27  Marine x2  
  93  7:28  SCV x2, Marine  
  98  7:32  SCV  
  98  7:33  Starport Reactor  
  98  7:34  Terran Infantry Armor Level 1, Terran Infantry Weapons Level 1  
  98  7:36  Supply Depot  
  99  7:39  Marine  
  99  7:40  SCV  
  99  7:43  SCV  
  102  7:44  SCV  
  103  7:52  SCV  
  104  8:16  Marine x4  
  104  8:18  Siege Tank  
  104  8:19  Widow Mine  
  115  8:20  Widow Mine  
  111  8:33  Marine  
  99  8:34  Marauder  
  99  8:36  Marine x2  
  98  8:41  Medivac x2  
  98  8:42  Barracks  
  99  8:50  Siege Tank, Marine x2  
  99  8:51  Marine  
  99  8:54  Marine x2  
  107  8:56  Marauder, Widow Mine x2  
  107  8:57  SCV x3  
  116  9:07  Refinery x2  
  116  9:08  Marine x2  
  116  9:09  Marine  
  119  9:11  Marine  
  119  9:12  Marine  
  119  9:13  Supply Depot  
  119  9:15  Supply Depot  
  119  9:17  Supply Depot, Marine  
  121  9:21  Widow Mine  
  121  9:23  SCV  
  125  9:33  Sensor Tower  
  125  9:34  Medivac x2, Marine x4  
  125  9:36  SCV x3, Command Center, Marine x2  
  125  9:37  Widow Mine  
  140  9:40  Supply Depot  
  140  9:43  Supply Depot  
  132  9:46  Supply Depot  
  132  9:49  SCV  
  132  9:52  Marine x2  
  132  9:54  Marine  
  132  9:58  Command Center  
  133  10:26  Marine x5  
  133  10:27  Marine  
  133  10:28  Siege Tank, Widow Mine x2  
  146  10:32  SCV x3  
  146  10:34  Terran Infantry Armor Level 2, Terran Infantry Weapons Level 2  
  149  10:36  Terran Ship Weapons Level 1  
  149  10:43  Factory  
  149  10:44  Barracks x2, Marine x4  
  153  10:52  Marine  
  153  10:53  Marine  
  153  10:54  Widow Mine x2  
  153  10:55  Medivac x2  
  163  10:57  Supply Depot  
  163  11:02  Marine x4  
  163  11:03  Siege Tank  
  170  11:10  Marine  
  170  11:11  Supply Depot, Marine  
  135  11:32  Marine  
  135  11:33  Marine x7  
  135  11:35  Factory Tech Lab  
  128  11:50  Marine  
  128  11:51  Marine x7  
  136  12:00  Siege Tank x2, Medivac x2  
  136  12:08  Marine x3  
  136  12:09  Marine x5  
  136  12:14  Widow Mine x2  
  140  12:25  Planetary Fortress  
  140  12:26  Marine x5  
  140  12:27  Marine x3  
  141  12:30  Medivac  
  141  12:32  Siege Tank  
  141  12:34  Planetary Fortress  
  141  12:39  Siege Tank, Command Center  
  141  12:40  Medivac  
  141  12:44  Marine x8  
  142  13:02  Marine x8  
  142  13:05  Supply Depot  
  154  13:25  Refinery  
Tags
 
Add a new tag
Caveats
  • Supply blocks, unpowered buildings, or Contaminate may cause inaccurate times.
  • Supply counts are checked every 10 seconds.